 Dungeon Crawl Stone Soup version 0.23.1-37-gaa34b87 (webtiles) character file.

Game seed: 16439410459519022237

126 kae the Insei (level 4, -2/35 HPs)
             Began as a Demonspawn Skald on Mar 22, 2019.
             Was an Initiate of Wu Jian.
             Slain by an ogre
             ... wielding a +0 giant club
              (26 damage)
             ... on level 3 of the Dungeon.
             The game lasted 00:03:27 (3372 turns).

kae the Insei (Demonspawn Skald)                    Turns: 3372, Time: 00:03:27

Health: -2/35      AC:  6    Str: 11    XL:     4   Next: 83%
Magic:  7/7        EV: 17    Int: 15    God:    Wu Jian [......]
Gold:   92         SH:  0    Dex: 18    Spells: 6/7 levels left

rFire    . . .     SeeInvis .     - Unarmed
rCold    + . .     Gourm    .   (no shield)
rNeg     . . .     Faith    .   a - +0 leather armour
rPois    .         Spirit   .   (helmet restricted)
rElec    .         Reflect  .   f - +2 cloak
rCorr    .         Harm     .   (no gloves)
MR       .....                  (no boots)
Stlth    ++........             (no amulet)
HPRegen  0.11/turn              (no ring)
MPRegen  0.10/turn              (no ring)

@: agile
A: antennae 1, cold resistance 1, powered by pain 1
a: Renounce Religion


You were on level 3 of the Dungeon.
You worshipped Wu Jian.
Wu Jian was noncommittal.
You were not hungry.

You visited 1 branch of the dungeon, and saw 3 of its levels.

You collected 92 gold pieces.

Inventory:

Armour
 a - a +0 leather armour (worn)
 e - a cursed +0 plate armour
 f - a +2 cloak (worn)
Jewellery
 g - an uncursed amulet of magic regeneration {unknown}
Wands
 k - a wand of disintegration (10)
Scrolls
 d - a scroll of identify
 l - a scroll of remove curse {unknown}
Potions
 b - a potion of flight {unknown}
 h - a potion of might
 i - 2 potions of agility
Comestibles
 c - a ration
 j - 2 chunks of flesh


   Skills:
 + Level 3.0 Fighting
 - Level 0.8 Armour
 - Level 1.7 Dodging
 * Level 3.5 Unarmed Combat
 - Level 2.0 Spellcasting
 + Level 3.4 Charms


You had 6 spell levels left.
You knew the following spells:

 Your Spells              Type           Power        Failure   Level  Hunger
a - Infusion              Chrm           ##..         7%          1    #......

Your spell library contained the following spells:

 Spells                   Type           Power        Failure   Level  Hunger
 Song of Slaying          Chrm           ##......     11%         2    ###....
 Shroud of Golubria       Chrm/Tloc      #.........   22%         2    ###....
 Regeneration             Chrm/Necr      #.........   41%         3    ###....
 Spectral Weapon          Hex/Chrm       #.......     41%         3    ###....


Dungeon Overview and Level Annotations

Branches:
Dungeon (3/15)

Altars:
Kikubaaqudgha
Ru
Trog
Wu Jian


Innate Abilities, Weirdness & Mutations

You have a pair of small antennae on your head.
Your flesh is cold resistant. (rC+)
You sometimes gain a little power by taking damage.


Message History

The ogre completely misses you.
You hit the ogre.
The ogre is severely wounded.
You barely miss the ogre.
The ogre is severely wounded.
The ogre hits you with a +0 giant club!
You focus on the pain.
You feel agile all of a sudden.
You hit the ogre but do no damage.
The ogre is severely wounded.
The ogre misses you.
You hit the ogre.
The ogre is severely wounded.
You barely miss the ogre.
The ogre is severely wounded.
The ogre completely misses you.
You hit the ogre.
The ogre is almost dead.
The ogre hits you with a +0 giant club!!
Ouch! That really hurt!
You die...

#............#
####............#
........##....###########
........'.....'..........
........##....###.#####+####
........##....# #.# ......
############### #.# ......
########.####......
.......@O.(..#
...#####.###.# #.# #.†# #..
##.# #... .. #...# #.#
######## #...+ .# ..<....#
#...# .. .......# #.#


You could see an ogre.

Vanquished Creatures
  7 adders
  2 worms (D:2)
  2 dart slugs (D:2)
  3 leopard geckos
  A ball python (D:3)
  A giant cockroach (D:3)
  5 goblins
  5 hobgoblins
  2 jackals (D:2)
  A quokka (D:2)
  3 bats
  3 frilled lizards
  8 kobolds
  11 rats
54 creatures vanquished.

Notes
Turn   | Place    | Note
-------+----------+-------------------------------------------
     0 | D:1      | kae the Demonspawn Skald began the quest for the Orb.
     0 | D:1      | Reached XP level 1. HP: 16/16 MP: 3/3
   688 | D:1      | Gained mutation: Your flesh is cold resistant. (rC+)
                  | [demonic ancestry]
   688 | D:1      | Reached XP level 2. HP: 22/22 MP: 0/5
  1234 | D:2      | Gained mutation: You sometimes gain a little power by
                  | taking damage. [demonic ancestry]
  1234 | D:2      | Reached XP level 3. HP: 20/28 MP: 2/6
  1498 | D:2      | Found an ornate altar of the Wu Jian Council.
  1941 | D:2      | Found an ancient bone altar of Kikubaaqudgha.
  1944 | D:2      | Found a bloodstained altar of Trog.
  1947 | D:2      | Found a sacrificial altar of Ru.
  2124 | D:2      | Gained mutation: You have a pair of small antennae on your
                  | head. [demonic ancestry]
  2124 | D:2      | Reached XP level 4. HP: 30/34 MP: 7/7
  2234 | D:2      | Became a worshipper of the Wu Jian Council
  3351 | D:3      | Noticed an ogre
  3372 | D:3      | Slain by an ogre

Skill      XL: |  1  2  3  4 |
---------------+-------------+-----
Unarmed Combat | 2 3 |  3.5
Charms         | 3 |  3.4
Fighting       | 3 |  3.0
Armour         | |  0.8
Dodging        | |  1.7
Spellcasting   | |  2.0

Action                   |  1- 3 |  4- 6 || total
-------------------------+-------+-------++-------
Melee: Unarmed           |   144 |    78 ||   222
       Punch             |     2 |       ||     2
 Cast: Infusion          |    18 |     6 ||    24
Invok: Lunge             |       |     3 ||     3
  Use: Scroll            |     2 |     3 ||     5
 Stab: Sleeping          |       |     1 ||     1
  Eat: Chunk             |     4 |     4 ||     8
Armor: Leather armour    |    44 |    20 ||    64
Dodge: Dodged            |    86 |    51 ||   137
